 Dungeon Crawl Stone Soup version 0.29.1-15-g9cfb28693d (webtiles) character file.

Game seed: 17620438727555321726

83 dragonking145 the Trooper (level 4, -4/40 HPs)
             Began as a Draconian Fighter on Aug 31, 2023.
             Slain by a small abomination (7 damage)
             ... on level 3 of the Dungeon on Sept 1, 2023.
             The game lasted 00:18:53 (2462 turns).

dragonking145 the Trooper (Draconian Fighter)       Turns: 2462, Time: 00:18:53

Health: -4/40      AC: 10    Str: 21    XL:     4   Next: 22%
Magic:  4/4        EV:  8    Int:  8    God:
Gold:   137        SH: 11    Dex: 10    Spells: 3/3 levels left

rFire   + . .      SeeInvis .   a - +0 long sword
rCold   x . .      Faith    .   A - +0 tower shield
rNeg    . . .      Spirit   .   (body armour unavailable)
rPois   .          Reflect  .   (helmet restricted)
rElec   .          Harm     .   (no cloak)
rCorr   .          Rampage  .   (no gloves)
Will    .....                   s - +0 pair of boots
Stlth   +.........              (no amulet)
HPRegen 0.13/turn               C - +4 ring of protection
MPRegen 0.09/turn               E - ring of fire

@: no status effects
A: AC +5, unfitting armour, cold-blooded
a: no special abilities


You were on level 3 of the Dungeon.
You visited 1 branch of the dungeon, and saw 3 of its levels.

You collected 137 gold pieces.

Inventory:

Hand Weapons
 a - a +0 long sword (weapon)
 e - a +0 sling
 g - a +0 dagger
 h - a +0 dagger
 k - a +1 dagger of speed
 m - a +0 dagger
 q - a +0 whip
 v - a +0 club
 w - a +0 dagger
Missiles
 d - 25 stones (quivered)
Armour
 b - a +0 buckler
 s - a +0 pair of boots (worn)
 t - a +0 crystal plate armour
 u - a +0 leather armour
 A - a +0 tower shield (worn)
 B - a +0 scale mail
Jewellery
 n - a ring of see invisible
 C - a +4 ring of protection (left hand)
 E - a ring of fire (right hand)
Wands
 y - a wand of acid (10)
Scrolls
 f - a scroll of enchant weapon {unknown}
 j - 2 scrolls of immolation {unknown}
 o - a scroll of magic mapping {unknown}
 r - a scroll of identify {unknown}
 x - a scroll of blinking {unknown}
 z - 3 scrolls of amnesia {unknown}
 D - a scroll of teleportation {unknown}
Potions
 c - a potion of might
 i - 4 potions of mutation {unknown}
 l - a potion of lignification {unknown}
 p - 2 potions of curing {unknown}


   Skills:
 + Level 4.0 Fighting
 + Level 2.8 Long Blades
 + Level 3.5 Dodging
 + Level 3.3 Shields


You had 3 spell levels left.
You didn't know any spells.
Your spell library was empty.

Dungeon Overview and Level Annotations

Branches:
Dungeon (3/15)

Altars:
Kikubaaqudgha

Portals:
Abyss: D:3

Annotations:
D:3 1 transporter, bmack86's ghost, amateur DjTm


Innate Abilities, Weirdness & Mutations

Your plain brown scales are hard. (AC +5)
You cannot fit into any form of body armour.
You are cold-blooded and may be slowed by cold attacks.


Message History

You enter the transporter and appear at another place.
You block the small abomination's attack.
The small abomination barely misses you.
The small abomination enters a dispersal trap!
The small abomination blinks! x3; You blink.
You hit the small abomination.
The small abomination is lightly damaged.
The small abomination hits you.
You hit the small abomination.
Your tail-slap misses the small abomination.
The small abomination is moderately damaged.
You block the small abomination's attack. x2
You hit the small abomination but do no damage.
The small abomination is moderately damaged.
The small abomination hits you.
You block the small abomination's attack.
The small abomination closely misses you.
You closely miss the small abomination.
The small abomination is moderately damaged.
You block the small abomination's attack.
The small abomination barely misses you.
The small abomination hits you but does no damage.
You closely miss the small abomination.
The small abomination is moderately damaged.
The small abomination hits you.
You block the small abomination's attack.
The small abomination hits you!
You closely miss the small abomination.
The small abomination is moderately damaged.
You block the small abomination's attack.
The small abomination hits you!
* * * LOW HITPOINT WARNING * * *
You block the small abomination's attack.
The small abomination hits you but does no damage.
You barely miss the small abomination. You tail-slap the small abomination.
The small abomination is lightly damaged.
The small abomination hits you!
* * * LOW HITPOINT WARNING * * *
The small abomination hits you!
You die...

#..........................#.
#.................##.......#.
#.........###....####........
#.........#.##..###.####.....
#.........#..#..#x.....##....
#........##.##..##..###.#.†#.
#........#..##...###...##....
#####....#...##....# .##.....
#....##x@.###.##. #.....
#.#...###x#§###.#####....
#.#.....#K#.:.§.##..#©...
#......##x....#.##.##..##
#.....##....©K.##.##...#
###..##.#.####x#. #....#
#..#.#x##..##..###...#
#..##!###...###..#...#
#...###.......####...##


You could see 3 small abominations and a kobold.

Vanquished Creatures
  Jessica (D:2)
  2 adders
  2 dart slugs
  2 endoplasms (D:2)
  2 giant cockroaches
  5 hobgoblins
  3 kobolds
  A quokka (D:3)
  5 bats
  2 frilled lizards (D:2)
  7 goblins
  3 rats
35 creatures vanquished.

Notes
Turn   | Place    | Note
-------+----------+-------------------------------------------
     0 | D:1      | dragonking145 the Draconian Fighter began the quest for the
                  | Orb.
     0 | D:1      | Reached XP level 1. HP: 19/19 MP: 1/1
     2 | D:1      | Noticed a spriggan
     2 | D:1      | Noticed a vine stalker
     4 | D:1      | Noticed a palentonga
     4 | D:1      | Noticed an elf
     6 | D:1      | Noticed a ghoul
     6 | D:1      | Noticed a naga
     8 | D:1      | Noticed a formicid
     8 | D:1      | Noticed a tengu
    10 | D:1      | Noticed a gargoyle
    12 | D:1      | Noticed a minotaur
    12 | D:1      | Noticed an ogre
    14 | D:1      | Noticed a demonspawn
    14 | D:1      | Noticed a felid
    16 | D:1      | Noticed a merfolk
    16 | D:1      | Noticed a vampire
    18 | D:1      | Noticed a draconian
    20 | D:1      | Noticed a troll
    20 | D:1      | Noticed a meteoran
    22 | D:1      | Noticed an octopode
    22 | D:1      | Noticed a demigod
    26 | D:1      | Noticed a tengu
    28 | D:1      | Noticed a naga
   193 | D:1      | Reached XP level 2. HP: 26/27 MP: 2/2
   209 | D:1      | Found a faded altar of an unknown god.
  1206 | D:2      | Reached XP level 3. HP: 28/33 MP: 3/3
  1341 | D:2      | Noticed Jessica
  1349 | D:2      | Killed Jessica
  1489 | D:2      | Found an ancient bone altar of Kikubaaqudgha.
  2075 | D:3      | Reached skill level 4 in Fighting
  2171 | D:3      | Reached XP level 4. HP: 38/40 MP: 4/4
  2294 | D:3      | Found a one-way gate to the infinite horrors of the Abyss.
  2294 | D:3      | Noticed bmack86's ghost (amateur DjTm)
  2353 | D:3      | Found a transporter.
  2367 | D:3      | Found a transporter.
  2462 | D:3      | Slain by a small abomination

Illustrated notes

Levels and vault maps discovered:
D:1:      kb_arrival_jail, layout_basic, nicolae_ecumenical_lake_church
D:2:      layout_basic, basic_altar, uniq_jessica
D:3:      layout_basic, grunt_temple_overflow_magic_moments,
          nicolae_tso_swordbearing_angel, gammafunk_ghost_abyssal_escape,
          corexii_item_surrounded_by_moat

Skill      XL: |  1  2  3 |
---------------+----------+-----
Dodging        | 3 |  3.5
Fighting       | 4 |  4.0
Long Blades    | |  2.8
Shields        | |  3.3

Action                   |  1- 3 |  4- 6 || total
-------------------------+-------+-------++-------
Melee: Long sword        |    77 |    18 ||    95
       Tailslap          |    14 |     2 ||    16
 Stab: Sleeping          |       |     1 ||     1
Armor: Skin              |    57 |     4 ||    61
Dodge: Dodged            |    69 |     7 ||    76
Block: Buckler           |    24 |       ||    24
       Tower shield      |    33 |    21 ||    54
